 Dungeon Crawl Stone Soup version 0.17.0-7-gfadd4cc (webtiles) character file.

334647 glosham the Gargoyle Aeon (level 22, -28/134 HPs)
             Began as a Gargoyle Monk on Nov 6, 2015.
             Was the Champion of Cheibriados.
             Killed from afar by a hellephant (73 damage)
             ... with a blast of flame
             ... on level 3 of the Abyss on Nov 8, 2015.
             The game lasted 17:04:02 (44531 turns).

glosham the Gargoyle Aeon (Gargoyle Monk)          Turns: 44531, Time: 17:04:02

Health: -28/134    AC: 36    Str: 31    XL:     22   Next: 48%
Magic:  0/43       EV: 24    Int: 33    God:    Cheibriados [******]
Gold:   438        SH:  0    Dex: 27    Spells: 10 memorised, 3 levels left

rFire  . . .     SeeInvis .     a - +9 hand axe (elec)
rCold  . . .     Rnd*Rage +     X - +2 robe {MR+}
rNeg   + . .     SustAt   .     (no shield)
rPois  ∞         Gourm    .     U - +2 helmet
rElec  +         Spirit   +     Y - +2 cloak
rCorr  .         Warding  .     V - +2 pair of gloves {archery}
rMut   .         Stasis   .     (no boots)
MR     +++..                    z - amulet of Qolovyuc {Spirit +Blink MR+}
Stlth  ++++......               B - ring of magical power
                                A - ring of wizardry

@: stone skin, flying, very slow, extremely resistant to hostile enchantments,
stealthy
A: big wings, molten scales 1, berserk 1, blurry vision 1, dopey 1, low mp 1,
negative energy resistance 1, electricity resistance, unbreathing, petrification
resistance, rot immunity, AC +16
a: Stop Flying, Bend Time, Temporal Distortion, Slouch, Step From Time, Renounce
Religion, Evoke Blink


You were on level 3 of the Abyss.
You worshipped Cheibriados.
Cheibriados was exalted by your worship.
You were not hungry.

You visited 3 branches of the dungeon, and saw 21 of its levels.
You visited the Abyss 1 time.
You visited 1 bazaar.
You also visited: Labyrinth and Ice Cave.

You collected 2154 gold pieces.
You spent 1716 gold pieces at shops.

Inventory:

Hand Weapons
 a - a +9 hand axe of electrocution (weapon)
 b - a +2 arbalest of freezing
 c - a +0 blowgun
 d - the +9 mace "Ygampi" {drain, Str-3 Dex+5}
   (You found it in a labyrinth)

   A truly terrible weapon, it drains the life of those it strikes.
   It affects your strength (-3).
   It affects your dexterity (+5).
 e - a +2 dire flail of holy wrath
 f - a +1 demon whip of electrocution
Missiles
 E - 17 curare-tipped needles
 F - 567 bolts
Armour
 U - a +2 helmet (worn)
 V - a +2 pair of gloves of archery (worn)
 X - a +2 robe of magic resistance (worn)
 Y - a +2 cloak (worn)
 Z - a +2 buckler of positive energy
Rods
 J - a +3 rod of inaccuracy (15/15) {!a}
   (You took it off a minotaur in a labyrinth)
 L - a +3 lightning rod (13/13)
   (You found it on level 2 of the Depths)
 M - a +1 iron rod (11/11)
   (You took it off a deep elf death mage on level 4 of the Depths)
 W - a +2 rod of destruction (12/12) {!a}
   (You found it on level 1 of the Abyss)
Jewellery
 y - an uncursed amulet of clarity
 z - the amulet of Qolovyuc (around neck) {Spirit +Blink MR+}
   (You took it off a minotaur in a labyrinth)

   [amulet of guardian spirit]

   It causes incoming damage to be split between your health and magic.
   It affects your resistance to hostile enchantments.
   It lets you blink.
 A - a ring of wizardry (left hand)
 B - a ring of magical power (right hand)
 C - an uncursed ring of protection from cold
 D - an uncursed ring of protection from fire
 I - an uncursed ring of see invisible
 N - the ring of the Furies {*Corrode rElec rPois rN+ MP+9 Str-3}
   (You found it on level 4 of the Depths)

   [ring of strength]

   It affects your strength (-3).
   It insulates you from electricity.
   It protects you from poison.
   It protects you from negative energy.
   It affects your magic capacity (+9).
   It may corrode your equipment when you take damage.
 R - an uncursed amulet of regeneration
Wands
 g - a wand of digging (12)
 h - a wand of disintegration (3)
 i - a wand of invisibility (4)
 O - a wand of draining (2)
Scrolls
 k - 5 scrolls of teleportation
 l - 2 scrolls of blinking
 m - a scroll of fog
 n - 2 scrolls of fear
 o - 14 scrolls of remove curse
 p - 2 scrolls of silence {!r}
 q - 3 scrolls of recharging
 K - a scroll of immolation
 P - a scroll of magic mapping
 Q - a scroll of enchant armour
 S - 4 scrolls of identify
 T - 2 scrolls of brand weapon
Potions
 r - 7 potions of curing
 s - 2 potions of heal wounds
 t - 3 potions of magic
 u - a potion of resistance
 v - 4 potions of might
 w - 8 potions of brilliance
 x - 4 potions of cancellation
 G - 4 potions of lignification
 H - a potion of ambrosia
Comestibles
 j - 15 bread rations


   Skills:
 - Level 12.8 Fighting
 + Level 12.5(12.8) Axes
 * Level 5.7(10.5) Maces & Flails
 - Level 3.0 Armour
 * Level 10.1 Dodging
 - Level 6.5 Stealth
 - Level 6.0 Unarmed Combat
 + Level 12.7 Spellcasting
 - Level 12.8 Conjurations
 * Level 5.0 Charms
 + Level 12.7 Summonings
 * Level 11.8 Necromancy
 * Level 4.6 Translocations
 - Level 1.0 Transmutations
 * Level 4.5 Air Magic
 + Level 12.2 Earth Magic
 - Level 12.9 Invocations
 * Level 9.2 Evocations


You had 3 spell levels left.
You knew the following spells:

 Your Spells              Type           Power        Failure   Level  Hunger
a - Apportation           Tloc           ######....   1%          1    None
c - Spellforged Servitor  Conj/Summ      #######...   4%          7    #####..
d - Deflect Missiles      Chrm/Air       ######....   28%         6    ####...
o - Orb of Destruction    Conj           #######...   4%          7    #####..
s - Stoneskin             Trmt/Erth      ######..     1%          2    None
u - Dispel Undead         Necr           #######.     1%          5    None
w - Passwall              Trmt/Erth      ######....   1%          3    None
x - Iron Shot             Conj/Erth      #######...   1%          6    ####...
y - Agony                 Necr           #######.     1%          5    None
B - Summon Butterflies    Summ           #######.     0%          1    None


Dungeon Overview and Level Annotations

Branches:
Dungeon (15/15)            Temple (1/1) D:7            Lair (0/8) D:10
    Orc (0/4) D:11         Vaults (0/5) D:14         Depths (5/5) D:15
    Zot (0/5) Depths:5

Altars:
Cheibriados
Dithmenos
Fedhas
Kikubaaqudgha
Makhleb
Nemelex Xobeh
Ru
Trog
Vehumet
Xom
Yredelemnul
The Shining One

Shops:
D:8 :   D:14 ?   D:15 (

Portals:
Hell: Depths:1 Depths:2 Depths:3 Depths:4 Depths:5
Abyss: Depths:3 Depths:4
Pandemonium: Depths:2 Depths:3
Ziggurat: Depths:1


Innate Abilities, Weirdness & Mutations

You are resistant to torment.
Your stone body is resilient (AC +16).
You are immune to poison.
Your large and strong wings let you fly indefinitely.
You resist negative energy.
You are resistant to electric shocks.
You can survive without breathing.
You are immune to petrification.
You are immune to rotting.
You are partially covered in molten scales (AC +1).
[You tend to lose your temper in combat.]
[Scrolls take you a little longer to read.]
[You are dopey. (Int -2)]
[Your magical capacity is low (-10% MP).]


Message History

Cheibriados appreciates the change of pace.
You closely miss the ufetubus. The ufetubus completely misses you.
The ufetubus misses you.
Casting: Spellforged Servitor
Confirm with . or Enter, or press ? or * to list all spells.
Which direction?
This rock feels extremely deep.
The ufetubus closely misses you. The ufetubus misses you.
The three-headed hydra skeleton closely misses you.
The three-headed hydra skeleton bites you but does no damage.
The three-headed hydra skeleton completely misses you.
Your spellforged servitor casts a spell at the three-headed hydra skeleton.
The iron shot hits the bone dragon.
Unknown command.
Casting: Passwall
Confirm with . or Enter, or press ? or * to list all spells.
Your skin hardens.
The ufetubus misses you.
The ufetubus hits you but does no damage.
The ancient zyme completely misses you.
The ancient zyme hits you but does no damage.
The ufetubus misses you. The ufetubus completely misses you.
You hit the bone dragon but do no damage.
The bone dragon is lightly damaged.
You hit the ancient zyme.
The ancient zyme is lightly damaged.
You closely miss the ufetubus. The ancient zyme misses you.
The ancient zyme misses you.
The ufetubus hits you but does no damage. x2
A hellephant comes into view.
You hit the bone dragon but do no damage.
The bone dragon is lightly damaged.
You hit the ufetubus.
There is a sudden explosion of sparks!
You kill the ufetubus!
Cheibriados thoroughly appreciates the change of pace.
You hit the ancient zyme.
There is a sudden explosion of sparks!
The ancient zyme is moderately damaged.
The hellephant breathes flames at you. The blast of flame hits you!
Ouch! That really hurt!
You die...

.##...# ##.#
.... .X. .
#.x# . #.# ..
. ..###....#.
#..........#.#
#... ..#...# .
# ...#X%..# #.
###5...# ## .
#@xZ8.#..# # .
#.D#.%.%%. #.
. #.#.# ...# .
# #..##.%.!)†#
.#Y.....#### #
#..###.§ .# .
.#. ##. %#.# #
.#..##.# §.#.#
Z. .. .# #


You could see a bone dragon, a hellephant, a starcursed mass, an ancient zyme,
an iron imp and a three-headed hydra skeleton.

Vanquished Creatures
  An ancient lich (Abyss:1)
  A golden dragon (Depths:1)
  the Enchantress (Depths:5)
  4 bone dragons
  6 liches
  2 tentacled monstrosities
  2 acid blobs (Depths:4)
  4 sphinxes
  A titan (Depths:5)
  An octopode crusher (Depths:3)
  5 tentacled starspawn
  Agnes (D:14)
  4 tengu reavers
  6 shadow dragons
  A storm dragon (Depths:3)
  A draconian monk (Abyss:1)
  3 azure jellies (Depths:4)
  4 fire giants
  Maud (D:10)
  10 frost giants
  2 iron dragons (Depths:3)
  2 caustic shrike zombies (Depths:2)
  Louise (D:14)
  2 balrugs
  A ghoul (Depths:2)
  7 spriggan defenders
  A draconian caller (Depths:5)
  A green draconian (Abyss:1)
  18 stone giants
  21 very ugly things
  A deep elf demonologist (Depths:3)
  2 salamander firebrands (Depths:4)
  7 vampire knights
  An eidolon (Abyss:3)
  A death ooze (Depths:4)
  6 fire dragons
  A jiangshi (Depths:3)
  9 ettins
  6 great orbs of eyes
  3 vault guards (D:14)
  A minotaur (Lab)
  A deep elf high priest (Depths:2)
  8 entropy weavers
  Fannar (D:12)
  2 catoblepae
  A death knight (Depths:2)
  3 hydras (D:12)
  5 yaktaur captains
  14 ice dragons
  6 spriggan air magi
  8 rakshasas
  12 centaur warriors
  A monstrous demonspawn (Depths:2)
  3 ogre magi
  5 deep troll shamans
  4 tengu warriors
  A queen ant (shapeshifter) (Depths:3)
  3 hell hogs
  8 deep troll earth magi
  A titan zombie (Depths:2)
  2 spriggan berserkers
  Sonja (D:10)
  3 thrashing horrors
  3 vampire magi
  3 soul eaters
  An iron troll (Depths:5)
  2 sun demons (Abyss:3)
  2 wretched stars (Abyss:1)
  2 hell knights
  A spatial maelstrom (Abyss:3)
  2 skeletal warriors (D:15)
  6 giant orange brains
  7 unseen horrors
  2 flayed ghosts
  A golden dragon zombie (Depths:2)
  4 ice devils
  2 salamander mystics (Depths:4)
  18 deep trolls
  2 infernal demonspawn
  21 starcursed masses
  A torturous demonspawn (Depths:2)
  8 phantasmal warriors
  7 hill giants
  A wizard (Depths:3)
  A sphinx zombie (Depths:2)
  2 orc sorcerers (D:14)
  51 ugly things
  3 necromancers
  3 orc knights
  3 fire giant zombies
  11 salamanders (Depths:4)
  6 worldbinders
  A sixfirhy (Abyss:1)
  A wolf spider zombie (D:15)
  4 cyclopes
  A griffon (D:13)
  A manticore (D:13)
  A frost giant skeleton (Depths:2)
  2 hornets (shapeshifter)
  An apocalypse crab (Abyss:3)
  A black mamba (shapeshifter) (Depths:2)
  A spiny frog (shapeshifter) (Depths:2)
  5 smoke demons
  A toenail golem (Abyss:3)
  A fire giant skeleton (Depths:2)
  2 gargoyles
  3 ice statues
  An octopode (shapeshifter) (Depths:1)
  2 rust devils
  2 efreet
  5 ancient zymes
  2 hellions
  4 komodo dragons
  2 hellwings
  A redback zombie (D:15)
  36 yaktaurs
  A komodo dragon (shapeshifter) (Abyss:1)
  2 red devils
  A deep elf priest (Abyss:1)
  7 kobold demonologists
  7 blue devils
  5 raiju
  2 tengu conjurers
  9 two-headed ogres
  A trapdoor spider zombie (D:9)
  11 trolls
  2 jumping spiders
  32 slime creatures
  A blink frog (Abyss:1)
  A fire dragon zombie (D:15)
  An ettin zombie (Depths:2)
  3 spriggan zombies (Depths:2)
  2 trapdoor spiders
  A wolf spider simulacrum (D:15)
  3 ynoxinuls (Abyss:1)
  A spriggan (shapeshifter) (Depths:2)
  10 water elementals
  An ettin skeleton (Depths:2)
  An ice dragon skeleton (D:15)
  5 flying skulls
  An ice dragon zombie (Abyss:3)
  5 shadows
  23 large abominations
  2 wyverns
  3 vampires
  20 redbacks
  5 deep elf magi
  18 yaks
  6 spriggans
  5 neqoxecs
  A deep elf fighter (D:14)
  A basilisk (shapeshifter) (Depths:3)
  A hog (shapeshifter) (Depths:3)
  3 tarantellas
  5 air elementals
  A fire bat (shapeshifter) (Depths:2)
  4 mottled dragons
  7 vampire mosquitoes
  3 basilisks
  8 hippogriffs
  A steam dragon (D:10)
  A chaos spawn (Depths:4)
  2 wargs
  Menkaure (D:7)
  6 hungry ghosts
  A soldier ant (shapeshifter) (Abyss:1)
  A water moccasin (D:8)
  11 hell hounds (Depths:1)
  8 spiders (D:13)
  A porcupine (shapeshifter) (D:15)
  Duvessa (D:7)
  A swamp drake (D:10)
  9 orc warriors
  2 sky beasts
  26 small abominations
  5 ice beasts
  6 wasps
  A black bear (shapeshifter) (Depths:2)
  2 black bears
  2 phantoms (D:8)
  19 ogres
  44 centaurs
  2 necrophages
  A tengu (shapeshifter) (Depths:1)
  An ogre (shapeshifter) (D:15)
  22 boggarts
  4 eyes of draining
  A crocodile (D:10)
  A brain worm (D:14)
  11 big kobolds
  An earth elemental (Abyss:1)
  18 giant frogs
  8 scorpions
  Dowan (D:7)
  16 wights
  A draconian simulacrum (IceCv)
  10 spriggan skeletons
  11 hounds
  4 giant frog zombies
  8 centaur zombies
  14 orc wizards
  5 centaur skeletons
  26 jellies
  4 quasits
  11 orc priests
  10 crimson imps
  5 giant frog skeletons
  7 worker ants
  Natasha (thrice) (D:2)
  6 iguanas
  2 spriggan simulacra (IceCv)
  2 centaur simulacra (IceCv)
  A hound skeleton (D:4)
  A naga simulacrum (IceCv)
  16 adders
  3 gnolls (D:5)
  9 shadow imps
  2 white imps
  4 ogre simulacra (IceCv)
  7 ufetubi
  6 oozes
  4 worms
  2 adder skeletons
  6 giant geckos
  80 orcs
  10 bats
  A bat zombie (D:3)
  5 giant cockroaches
  13 goblins
  11 hobgoblins
  12 jackals
  2 giant cockroach zombies
  7 giant newts
  53 kobolds
  6 quokkas
  6 rats
  A rat zombie (D:3)
  A bush (Abyss:1)
  A lurking horror (Abyss:1)
  A starspawn tentacle (Abyss:3)
1373 creatures vanquished.

Vanquished Creatures (collateral kills)
  2 golden dragons
  A bone dragon (Abyss:1)
  A tentacled monstrosity (Abyss:2)
  A Hell Sentinel (Abyss:1)
  4 tentacled starspawn
  An octopode crusher (Depths:5)
  2 storm dragons (Depths:4)
  2 shadow dragons (Depths:4)
  2 fire giants (Depths:4)
  2 frost giants (Depths:4)
  A draconian scorcher (Depths:5)
  3 very ugly things
  2 stone giants
  A green draconian (Depths:5)
  A yellow draconian (Depths:5)
  A purple draconian (Depths:5)
  A white draconian (Depths:5)
  A green death (Abyss:1)
  A deep elf death mage (Depths:4)
  2 ettins (Depths:5)
  4 fire dragons (Depths:5)
  A fire dragon (shapeshifter) (Depths:4)
  3 deep troll shamans
  2 hell hogs (Abyss:1)
  A deep troll earth mage (Depths:5)
  A spriggan berserker (Depths:5)
  3 thrashing horrors
  4 wretched stars
  3 iron trolls
  A shadow wraith (Abyss:3)
  A salamander mystic (Depths:4)
  A spatial maelstrom (Abyss:1)
  7 deep trolls (Depths:5)
  A necromancer (Abyss:1)
  A salamander (Depths:4)
  2 ugly things (Depths:5)
  A fire giant skeleton (Abyss:3)
  4 smoke demons
  An apocalypse crab (Abyss:1)
  A demonic crawler (Abyss:3)
  A yaktaur (Depths:5)
  A hellwing (Abyss:1)
  A tengu conjurer (Depths:5)
  2 ancient zymes
  A blue devil (Abyss:1)
  A red devil (Abyss:3)
  8 raiju
  2 air elementals (Depths:5)
  A flying skull (Abyss:1)
  3 water elementals
  2 spriggans (Depths:4)
  A wraith (Abyss:1)
  2 ynoxinuls (Abyss:1)
  A chaos spawn (Abyss:1)
  A neqoxec (Abyss:1)
  3 hell hounds (Abyss:1)
  6 large abominations
  2 wasps (Depths:4)
  10 small abominations
  3 quasits
  8 starcursed masses
  A white imp (Abyss:3)
  An ufetubus (Abyss:3)
  7 starspawn tentacles
  A starspawn tentacle segment (Abyss:3)
145 creatures vanquished.

Vanquished Creatures (others)
  A spriggan berserker (Depths:4)
  A giant orange brain (Depths:1)
  An air elemental (Depths:5)
  A soldier ant (shapeshifter) (Depths:1)
  A centaur (D:8)
  An eye of draining (Abyss:1)
  An ufetubus (Abyss:1)
  A quokka (D:8)
  A bush (Abyss:1)
  3 lurking horrors
  34 plants
  16 starspawn tentacles
  71 starspawn tentacle segments
133 creatures vanquished.

Grand Total: 1651 creatures vanquished

Notes
Turn   | Place    | Note
--------------------------------------------------------------
     0 | D:1      | glosham the Gargoyle Monk began the quest for the Orb.
     0 | D:1      | Reached XP level 1. HP: 14/14 MP: 1/1
   161 | D:1      | Reached XP level 2. HP: 12/19 MP: 2/2
   636 | D:1      | Reached XP level 3. HP: 18/23 MP: 3/3
   768 | D:1      | Reached skill level 5 in Unarmed Combat
   837 | D:2      | Found a shimmering altar of Xom.
   838 | D:2      | Found a shimmering altar of Xom.
   838 | D:2      | Found a shimmering altar of Xom.
   838 | D:2      | Found a shimmering altar of Xom.
   839 | D:2      | Found a shimmering altar of Xom.
   839 | D:2      | Found a shimmering altar of Xom.
   839 | D:2      | Found a shimmering altar of Xom.
   874 | D:2      | Found a snail-covered altar of Cheibriados.
   885 | D:2      | Became a worshipper of Cheibriados the Contemplative
   885 | D:2      | Reached * piety under Cheibriados
   885 | D:2      | Reached ** piety under Cheibriados
   984 | D:2      | Noticed Natasha
  1244 | D:2      | Killed Natasha
  1244 | D:2      | Reached skill level 1 in Invocations
  1247 | D:2      | Reached XP level 4. HP: 18/28 MP: 4/4
  1267 | D:2      | Noticed Natasha
  1272 | D:2      | Killed Natasha
  1454 | D:2      | Found a shadowy altar of Dithmenos.
  1488 | D:2      | Noticed Natasha
  1494 | D:2      | Killed Natasha
  2111 | D:2      | Found a radiant altar of Vehumet.
  2384 | D:3      | Reached XP level 5. HP: 25/32 MP: 6/6
  2603 | D:3      | Reached *** piety under Cheibriados
  2687 | D:2      | Reached skill level 6 in Unarmed Combat
  2806 | D:3      | Reached skill level 2 in Invocations
  3054 | D:3      | Reached skill level 1 in Axes
  3180 | D:3      | Reached XP level 6. HP: 33/37 MP: 6/8
  3181 | D:3      | Reached **** piety under Cheibriados
  3243 | D:3      | Reached skill level 2 in Axes
  3449 | D:3      | Found an ancient bone altar of Kikubaaqudgha.
  3558 | D:3      | Reached skill level 3 in Invocations
  3904 | D:4      | Reached skill level 3 in Axes
  3919 | D:3      | Reached ***** piety under Cheibriados
  4139 | D:4      | Reached XP level 7. HP: 31/41 MP: 9/9
  4283 | D:4      | Found a bloodstained altar of Trog.
  4332 | D:5      | Entered Level 5 of the Dungeon
  4343 | D:5      | Reached skill level 4 in Invocations
  4405 | D:5      | Reached skill level 4 in Fighting
  4405 | D:5      | Reached skill level 4 in Axes
  4683 | D:5      | Found a glowing golden altar of the Shining One.
  4716 | D:5      | Reached XP level 8. HP: 34/48 MP: 11/11
  4811 | D:5      | Reached skill level 5 in Axes
  4967 | D:5      | Reached skill level 5 in Fighting
  5045 | D:5      | Reached skill level 5 in Invocations
  5416 | D:6      | Reached skill level 6 in Axes
  5755 | D:6      | Reached skill level 6 in Fighting
  5755 | D:6      | Reached XP level 9. HP: 55/55 MP: 13/13
  5921 | D:6      | Reached skill level 6 in Invocations
  5984 | D:6      | Reached skill level 7 in Axes
  6448 | D:7      | Found a staircase to the Ecumenical Temple.
  6459 | Temple   | Entered the Ecumenical Temple
  6561 | D:7      | Reached skill level 7 in Fighting
  6614 | D:7      | Noticed Dowan
  6618 | D:7      | Killed Dowan
  6634 | D:7      | Noticed Duvessa
  6643 | D:7      | Killed Duvessa
  6948 | D:7      | Noticed Menkaure
  6951 | D:7      | Killed Menkaure
  6951 | D:7      | Reached skill level 8 in Axes
  6951 | D:7      | Reached skill level 7 in Invocations
  7303 | D:7      | Reached XP level 10. HP: 63/63 MP: 15/15
  7871 | D:8      | Found a blossoming altar of Fedhas.
  7887 | D:8      | Found a basalt altar of Yredelemnul.
  7905 | D:8      | Found Nichikaff's Book Shop.
  8036 | D:8      | Reached skill level 8 in Fighting
  8111 | D:8      | Reached ****** piety under Cheibriados
  8175 | D:8      | Reached skill level 9 in Axes
  8209 | D:8      | Found a sparkling altar of Nemelex Xobeh.
  8653 | D:9      | Reached skill level 1 in Armour
  9099 | D:9      | Noticed an unseen horror
  9114 | D:9      | Killed an unseen horror
  9114 | D:9      | Reached skill level 8 in Invocations
  9127 | D:9      | Reached skill level 3 in Dodging
  9283 | D:9      | Found a sacrificial altar of Ru.
  9284 | D:9      | Found a burning altar of Makhleb.
  9361 | D:10     | Entered Level 10 of the Dungeon
  9458 | D:10     | Noticed Sonja
  9459 | D:10     | Killed Sonja
  9459 | D:10     | Reached skill level 9 in Fighting
  9459 | D:10     | Reached skill level 10 in Axes
  9459 | D:10     | Reached XP level 11. HP: 69/71 MP: 17/17
  9539 | D:10     | Got an encrusted great sword
  9542 | D:10     | Found a staircase to the Lair.
  9724 | D:10     | Noticed Maud
  9741 | D:10     | Killed Maud
  9741 | D:10     | Reached skill level 4 in Dodging
  9741 | D:10     | Reached skill level 9 in Invocations
  9978 | D:10     | Noticed a white ugly thing
  9995 | D:10     | Killed a white ugly thing
 10583 | D:10     | Reached skill level 11 in Axes
 10798 | D:11     | Found a labyrinth entrance.
 10806 | Lab      | Entered a labyrinth
 11021 | Lab      | Noticed a minotaur
 11037 | Lab      | Killed a minotaur
 11037 | Lab      | Reached skill level 10 in Fighting
 11039 | Lab      | Got a shimmering copper amulet
 11061 | Lab      | Identified the amulet of Qolovyuc {Spirit +Blink MR+} (You took it off a minotaur in a labyrinth)
 11087 | Lab      | Got a steaming mace
 11089 | Lab      | Identified a +2 rod of inaccuracy (12/14) {!a} (You took it off a minotaur in a labyrinth)
 11091 | Lab      | Identified the +9 mace "Ygampi" {drain, Str-3 Dex+5} (You found it in a labyrinth)
 11092 | Lab      | Identified the +3 great sword "Paf Pafu" {holy, Stlth+} (You found it on level 10 of the Dungeon)
 11361 | D:11     | Reached skill level 5 in Dodging
 11361 | D:11     | Reached XP level 12. HP: 71/77 MP: 19/19
 11516 | D:11     | Reached skill level 10 in Invocations
 11576 | D:11     | Found a staircase to the Orcish Mines.
 12303 | D:12     | Reached skill level 12 in Axes
 12374 | D:12     | Noticed a seven-headed hydra
 12424 | D:12     | Noticed Fannar
 12431 | D:12     | Killed a seven-headed hydra
 12796 | D:12     | Noticed a six-headed hydra
 12804 | D:12     | Reached skill level 6 in Dodging
 12804 | D:12     | Killed Fannar
 12804 | D:12     | Reached skill level 11 in Fighting
 12806 | D:12     | Killed a six-headed hydra
 12988 | D:12     | Reached skill level 11 in Invocations
 13097 | D:12     | Noticed an eight-headed hydra
 13099 | D:12     | Reached XP level 13. HP: 84/84 MP: 21/21
 13109 | D:12     | Killed an eight-headed hydra
 13222 | D:13     | Gained mutation: You are partially covered in molten scales (AC +1). [potion of beneficial mutation]
 13264 | D:13     | Reached skill level 7 in Dodging
 13360 | D:13     | Found a frozen archway.
 13478 | IceCv    | Entered an ice cave
 13989 | IceCv    | Reached skill level 12 in Fighting
 14358 | D:13     | Reached skill level 12 in Invocations
 14754 | D:13     | Reached skill level 1 in Spellcasting
 14887 | D:13     | Reached skill level 8 in Dodging
 14964 | D:13     | Reached skill level 1 in Evocations
 15012 | D:13     | Reached skill level 2 in Spellcasting
 15137 | D:13     | Upgraded the game from 0.17.0 to 0.17.0-1-g61d176b
 15726 | D:14     | Reached skill level 2 in Evocations
 15737 | D:14     | Reached skill level 3 in Spellcasting
 15806 | D:14     | Learned a level 2 spell: Corpse Rot
 15851 | D:14     | Found Womany's Magic Scroll Emporium.
 15859 | D:14     | Bought a scroll of enchant weapon for 75 gold pieces
 15859 | D:14     | Bought a scroll of identify for 20 gold pieces
 15859 | D:14     | Bought a scroll of identify for 20 gold pieces
 15859 | D:14     | Bought a scroll of identify for 20 gold pieces
 15927 | D:14     | Noticed a vault guard
 15939 | D:14     | Gained mutation: Your large and strong wings let you fly indefinitely. [Gargoyle growth]
 15939 | D:14     | Reached XP level 14. HP: 92/92 MP: 23/23
 15985 | D:14     | Reached skill level 1 in Necromancy
 16011 | D:14     | Reached skill level 3 in Evocations
 16012 | D:14     | Killed a vault guard
 16016 | D:14     | Noticed a vault guard
 16020 | D:14     | Reached skill level 2 in Necromancy
 16079 | D:14     | Killed a vault guard
 16086 | D:14     | Noticed a vault guard
 16097 | D:14     | Killed a vault guard
 16097 | D:14     | Reached skill level 4 in Evocations
 16114 | D:14     | Reached skill level 3 in Necromancy
 16148 | D:14     | Found a gate to the Vaults.
 16569 | D:14     | Reached skill level 5 in Evocations
 16579 | D:14     | Reached skill level 4 in Necromancy
 16687 | D:14     | Noticed Agnes
 16867 | D:14     | Noticed Louise
 16870 | D:14     | Killed Agnes
 16870 | D:14     | Reached skill level 5 in Necromancy
 16874 | D:14     | Killed Louise
 17050 | D:10     | Learned a level 5 spell: Dispel Undead
 17056 | D:10     | Learned a level 5 spell: Agony
 17189 | D:15     | Entered Level 15 of the Dungeon
 17434 | D:15     | Found Vuthradaow's Antique Weapon Emporium.
 17458 | D:15     | Bought an ancient longbow for 351 gold pieces
 17458 | D:15     | Identified the cursed +1 longbow "Ufue" {speed, rPois Dex+4} (You bought it in a shop on level 15 of the Dungeon)
 17530 | D:15     | Reached skill level 4 in Spellcasting
 17564 | D:15     | Reached skill level 6 in Necromancy
 18104 | D:15     | Reached skill level 5 in Spellcasting
 18352 | D:15     | Reached XP level 15. HP: 78/97 MP: 24/24
 18465 | D:15     | Reached skill level 7 in Necromancy
 18499 | D:15     | Reached skill level 6 in Spellcasting
 18522 | D:15     | Found a staircase to the Depths.
 18698 | Depths:1 | Entered Level 1 of the Depths
 18698 | Depths:1 | Found a gateway to a ziggurat.
 18717 | Depths:1 | Found a flickering gateway to a bazaar.
 18726 | Bazaar   | Entered a bazaar
 18726 | Bazaar   | Found Ment's General Store.
 18730 | Bazaar   | Found Giadiunoxt's General Store.
 18754 | Bazaar   | Found Qounkor's Book Boutique.
 18759 | Bazaar   | Found Kowu Modoz's Jewellery Emporium.
 18766 | Bazaar   | Found Limaon's Food Emporium.
 18779 | Bazaar   | Bought a book of Geomancy for 350 gold pieces
 18783 | Bazaar   | Learned a level 3 spell: Passwall
 18786 | Bazaar   | Learned a level 2 spell: Stoneskin
 18802 | Bazaar   | Bought a scroll of enchant armour for 90 gold pieces
 19115 | Depths:1 | Noticed a lich
 19119 | Depths:1 | Killed a lich
 19119 | Depths:1 | Reached skill level 7 in Spellcasting
 19119 | Depths:1 | Reached skill level 1 in Earth Magic
 19177 | Depths:1 | Reached skill level 1 in Transmutations
 19220 | Depths:1 | Noticed a frost giant
 19234 | Depths:1 | Killed a frost giant
 19234 | Depths:1 | Reached skill level 8 in Necromancy
 19447 | Depths:1 | Reached skill level 2 in Earth Magic
 19992 | Depths:1 | Reached skill level 3 in Earth Magic
 20247 | Depths:1 | Reached skill level 6 in Evocations
 20257 | Depths:1 | Reached skill level 4 in Earth Magic
 20288 | Depths:1 | Reached skill level 9 in Necromancy
 20528 | Depths:1 | Found a gateway to Hell.
 20582 | Depths:1 | Reached skill level 5 in Earth Magic
 20582 | Depths:1 | Reached XP level 16. HP: 79/103 MP: 27/27
 20810 | Depths:1 | Noticed a frost giant
 20888 | Depths:1 | Killed a frost giant
 21116 | Depths:1 | Reached skill level 7 in Evocations
 21630 | D:13     | Reached skill level 6 in Earth Magic
 21860 | D:15     | Reached skill level 10 in Necromancy
 21922 | D:15     | Learned a level 5 spell: Bolt of Draining
 21928 | D:15     | Learned a level 5 spell: Lee's Rapid Deconstruction
 21989 | Depths:2 | Reached skill level 1 in Conjurations
 22120 | Depths:2 | Reached skill level 2 in Conjurations
 22127 | Depths:2 | Reached skill level 3 in Conjurations
 22311 | Depths:2 | Reached skill level 4 in Conjurations
 22397 | Depths:2 | Reached skill level 7 in Earth Magic
 22450 | Depths:1 | Reached skill level 5 in Conjurations
 22837 | Depths:2 | Reached skill level 6 in Conjurations
 23033 | Depths:2 | Noticed a lich
 23034 | Depths:2 | Killed a lich
 23105 | Depths:2 | Reached skill level 7 in Conjurations
 23121 | Depths:2 | Reached skill level 8 in Earth Magic
 23565 | Depths:2 | Reached skill level 8 in Conjurations
 24087 | Depths:2 | Reached skill level 9 in Earth Magic
 24173 | Depths:2 | Reached skill level 9 in Conjurations
 24173 | Depths:2 | Reached XP level 17. HP: 93/108 MP: 26/28
 24327 | Depths:2 | Noticed a sphinx
 24332 | Depths:2 | Killed a sphinx
 24534 | Depths:2 | Reached skill level 2 in Armour
 24534 | Depths:2 | Reached skill level 3 in Stealth
 24676 | Depths:2 | Found a one-way gate leading to the halls of Pandemonium.
 24938 | Depths:2 | Reached skill level 4 in Stealth
 25109 | Depths:2 | Found a runed door.
 25130 | Depths:2 | Noticed a sphinx
 25186 | Depths:2 | Reached skill level 10 in Earth Magic
 25299 | Depths:1 | Reached skill level 3 in Armour
 25444 | Depths:2 | Reached skill level 5 in Stealth
 25921 | Depths:2 | Reached skill level 8 in Spellcasting
 26136 | Depths:2 | Reached skill level 10 in Conjurations
 26709 | Depths:2 | Killed a sphinx
 26709 | Depths:2 | Reached skill level 6 in Stealth
 26759 | Depths:2 | Reached XP level 18. HP: 113/113 MP: 30/30
 26874 | Depths:1 | Noticed a golden dragon
 26879 | Depths:1 | Killed a golden dragon
 26879 | Depths:1 | Reached skill level 9 in Dodging
 26879 | Depths:1 | Reached skill level 11 in Earth Magic
 27170 | Depths:3 | HP: 10/113 [frost giant/battleaxe of freezing (15)]
 27256 | D:15     | Reached skill level 9 in Spellcasting
 27347 | D:14     | Bought a scroll of teleportation for 30 gold pieces
 27347 | D:14     | Bought a scroll of teleportation for 30 gold pieces
 27347 | D:14     | Bought a scroll of teleportation for 30 gold pieces
 27443 | D:15     | Learned a level 7 spell: Spellforged Servitor
 27494 | Depths:3 | Noticed a tentacled monstrosity
 27507 | Depths:3 | Killed a tentacled monstrosity
 27507 | Depths:3 | Reached skill level 1 in Summonings
 27562 | Depths:3 | Reached skill level 2 in Summonings
 27772 | Depths:3 | Found a one-way gate to the infinite horrors of the Abyss.
 27787 | Depths:3 | Noticed a lich
 27790 | Depths:3 | Killed a lich
 27790 | Depths:3 | Reached skill level 11 in Conjurations
 27790 | Depths:3 | Reached skill level 3 in Summonings
 28058 | Depths:3 | Reached skill level 4 in Summonings
 28384 | Depths:3 | Reached skill level 5 in Summonings
 28671 | Depths:3 | Reached skill level 6 in Summonings
 28993 | Depths:3 | Reached skill level 7 in Summonings
 29003 | Depths:3 | Reached XP level 19. HP: 74/118 MP: 17/32
 29279 | Depths:3 | Reached skill level 8 in Summonings
 29602 | Depths:3 | Reached skill level 9 in Summonings
 30135 | Depths:3 | Reached skill level 10 in Summonings
 31083 | Depths:3 | Reached skill level 10 in Spellcasting
 31188 | D:15     | Learned a level 6 spell: Iron Shot
 31196 | D:15     | Learned a level 7 spell: Orb of Destruction
 31654 | Depths:4 | Reached skill level 12 in Conjurations
 32288 | Depths:3 | Reached skill level 11 in Summonings
 32434 | Depths:4 | HP: 7/118 [salamander/spear (7)]
 32827 | Depths:4 | Reached XP level 20. HP: 124/124 MP: 32/34
 32828 | Depths:4 | Reached skill level 11 in Spellcasting
 32864 | Depths:4 | Got an ancient granite ring
 33012 | Depths:4 | HP: 11/124 [rakshasa/trident (10)]
 33842 | Depths:4 | Identified the cursed ring of the Furies {*Corrode rElec rPois rN+ MP+9 Str-3} (You found it on level 4 of the Depths)
 34417 | Depths:4 | Reached skill level 12 in Summonings
 34890 | Depths:4 | Reached skill level 12 in Spellcasting
 35599 | Depths:2 | HP: 5/124 [purple very ugly thing (11)]
 35608 | Depths:2 | HP: 10/124 [purple ugly thing (3)]
 36046 | D:15     | Learned a level 6 spell: Deflect Missiles
 36301 | Depths:4 | Noticed a golden dragon
 36306 | Depths:4 | Killed a golden dragon
 36306 | Depths:4 | Reached skill level 1 in Maces & Flails
 36337 | Depths:4 | Identified a +2 pair of boots of running (You found it on level 4 of the Depths)
 36445 | Depths:5 | Entered Level 5 of the Depths
 36453 | Depths:5 | Reached skill level 1 in Air Magic
 36458 | Depths:5 | Reached skill level 1 in Charms
 36739 | Depths:5 | Reached skill level 2 in Maces & Flails
 36833 | Depths:5 | Reached skill level 8 in Evocations
 36870 | Depths:5 | Reached skill level 11 in Necromancy
 36889 | Depths:5 | Got a bloodstained ring mail
 36928 | Depths:4 | Identified the +3 ring mail of Beyond {rElec Str+3} (You found it on level 5 of the Depths)
 37139 | D:15     | Reached XP level 21. HP: 119/128 MP: 37/37
 37460 | D:8      | Bought a book of Party Tricks for 700 gold pieces
 37462 | D:8      | Learned a level 1 spell: Apportation
 37464 | D:8      | Learned a level 1 spell: Summon Butterflies
 37995 | Depths:5 | Reached skill level 2 in Charms
 37995 | Depths:5 | Reached skill level 2 in Air Magic
 38298 | Depths:5 | Reached skill level 1 in Translocations
 38343 | Depths:5 | Upgraded the game from 0.17.0-1-g61d176b to 0.17.0-7-gfadd4cc
 38357 | Depths:5 | Reached skill level 3 in Maces & Flails
 38403 | Depths:5 | Noticed the Enchantress
 38676 | Depths:5 | Killed the Enchantress
 38704 | Depths:5 | Got a faerie dragon armour
 38776 | Depths:4 | Identified the +5 faerie dragon armour {*Corrode +Inv rElec rPois} (You took it off the Enchantress on level 5 of the Depths)
 39029 | Depths:5 | Reached skill level 2 in Translocations
 39036 | Depths:5 | Noticed a golden dragon
 39039 | Depths:5 | Killed a golden dragon
 39123 | Depths:5 | Found a gate to the Realm of Zot.
 39189 | Depths:5 | Noticed a bone dragon
 39211 | Depths:5 | Killed a bone dragon
 39609 | Depths:1 | Reached skill level 3 in Charms
 39703 | Depths:3 | Voluntarily entered the Abyss.
 39758 | Abyss:1  | Reached skill level 3 in Air Magic
 40445 | Abyss:1  | Reached skill level 4 in Maces & Flails
 40960 | Abyss:1  | Reached skill level 3 in Translocations
 42029 | Abyss:1  | Found a corrupted altar of Lugonu.
 42059 | Abyss:1  | Identified a +2 rod of destruction (12/12) (You found it on level 1 of the Abyss)
 42156 | Abyss:1  | Reached skill level 12 in Earth Magic
 42408 | Abyss:1  | Noticed an ancient lich
 42410 | Abyss:1  | Killed an ancient lich
 42410 | Abyss:1  | Reached skill level 9 in Evocations
 42410 | Abyss:1  | Reached XP level 22. HP: 104/134 MP: 13/38
 42612 | Abyss:1  | Reached skill level 10 in Dodging
 42612 | Abyss:1  | Reached skill level 4 in Charms
 42754 | Abyss:1  | Reached skill level 4 in Air Magic
 42766 | Abyss:1  | Reached skill level 4 in Translocations
 43077 | Abyss:1  | Reached skill level 5 in Maces & Flails
 43612 | Abyss:3  | Found a corrupted altar of Lugonu.
 44525 | Abyss:3  | Reached skill level 5 in Charms
 44531 | Abyss:3  | Killed from afar by a hellephant

Action                   |  1- 3 |  4- 6 |  7- 9 | 10-12 | 13-15 | 16-18 | 19-21 | 22-24 || total
-------------------------+-------+-------+-------+-------+-------+-------+-------+-------++-------
Melee: Unarmed           |    98 |   142 |       |       |       |       |       |       ||   240
       Hand axe          |       |   121 |   202 |   483 |   794 |   651 |  1022 |   225 ||  3498
       Mace              |       |       |       |    29 |    48 |    33 |       |    30 ||   140
       Morningstar       |       |       |       |       |    58 |       |       |       ||    58
       Dire flail        |       |       |       |       |     4 |   151 |    12 |    23 ||   190
       War axe           |       |       |       |       |     3 |       |       |       ||     3
       Demon trident     |       |       |       |       |       |     8 |       |       ||     8
       Demon whip        |       |       |       |       |       |       |    10 |       ||    10
 Fire: Hunting sling     |       |     4 |       |       |       |       |       |       ||     4
       Blowgun           |       |     2 |    22 |    21 |    15 |     2 |       |       ||    62
       Shortbow          |       |       |    17 |   114 |       |       |       |       ||   131
       Hand crossbow     |       |       |       |    28 |    15 |       |       |       ||    43
       Longbow           |       |       |       |       |   248 |   143 |    79 |       ||   470
       Arbalest          |       |       |       |       |       |       |     7 |       ||     7
Throw: Stone             |     2 |     1 |       |       |       |       |       |       ||     3
       Javelin           |       |       |       |     1 |       |       |       |       ||     1
 Cast: Dispel Undead     |       |       |       |       |     3 |    40 |    37 |     9 ||    89
       Stoneskin         |       |       |       |       |     5 |    91 |   141 |    31 ||   268
       Agony             |       |       |       |       |     3 |    93 |    59 |       ||   155
       Bolt of Draining  |       |       |       |       |       |    69 |    27 |       ||    96
       Passwall          |       |       |       |       |       |     3 |     5 |     3 ||    11
       Lee's Rapid Decon |       |       |       |       |       |    13 |     9 |       ||    22
       Iron Shot         |       |       |       |       |       |       |   103 |    28 ||   131
       Spellforged Servi |       |       |       |       |       |       |    53 |    15 ||    68
       Orb of Destructio |       |       |       |       |       |       |     4 |     1 ||     5
       Apportation       |       |       |       |       |       |       |    22 |    14 ||    36
Invok: Bend Time         |     1 |       |       |     1 |       |       |       |       ||     2
       Slouch            |       |       |     3 |     8 |     6 |     4 |    12 |       ||    33
       Temporal Distorti |       |       |       |       |       |       |     1 |       ||     1
       Step From Time    |       |       |       |       |       |       |     1 |       ||     1
 Abil: Evoke Blink       |       |       |       |       |     3 |     4 |       |     4 ||    11
       Fly               |       |       |       |       |     1 |       |     3 |       ||     4
       Stop Flying       |       |       |       |       |     1 |       |     2 |       ||     3
Evoke: Wand              |       |       |       |     4 |    13 |     5 |     8 |       ||    30
       Rod               |       |       |       |       |       |    15 |    41 |       ||    56
       Box of beasts     |       |       |       |       |       |       |     6 |       ||     6
  Use: Scroll            |     6 |    10 |     5 |    14 |    14 |     8 |    11 |     1 ||    69
       Potion            |       |       |       |       |     1 |     3 |     3 |       ||     7
 Stab: Sleeping          |     2 |    11 |     5 |    12 |     9 |       |     1 |       ||    40
       Distracted        |       |       |       |     3 |     1 |       |     9 |     6 ||    19
       Petrified         |       |       |       |       |     2 |       |       |       ||     2
       Petrifying        |       |       |       |       |     1 |       |       |       ||     1
       Invisible         |       |       |       |       |       |     2 |       |       ||     2
  Eat: Chunk             |       |     5 |     6 |    11 |    16 |    21 |     8 |       ||    67
       Pizza             |       |       |     3 |       |       |     2 |     1 |       ||     6
       Fruit             |       |       |       |     2 |     2 |     8 |    12 |       ||    24
       Beef jerky        |       |       |       |       |     1 |     2 |     2 |       ||     5
       Bread ration      |       |       |       |       |       |     2 |     5 |     2 ||     9
       Royal jelly       |       |       |       |       |       |       |     5 |       ||     5
       Meat ration       |       |       |       |       |       |       |     3 |     1 ||     4

Table legend:
 A = Turns spent in this place as a percentage of turns spent in the entire game.
 B = Non-inter-level travel turns spent in this place as a percentage of non-inter-level travel turns spent in the entire game.
 C = Inter-level travel turns spent in this place as a percentage of turns spent in this place.
 D = Turns resting spent in this place as a percentage of non-inter-level travel turns spent in this place.
 E = Turns spent auto-exploring this place as a percentage of non-inter-level travel turns spent in this place.
 F = Non-inter-level travel turns spent in this place divided by the number of levels of this place that you've seen.
                   A       B       C       D       E      F
               +-------+-------+-------+-------+-------+----------------------
         Total | 100.0 | 100.0 |   0.7 |   2.4 |   0.2 | 921.1
       Dungeon |  44.7 |  44.6 |   1.0 |   1.5 |   0.4 | 738.7
        Temple |   0.0 |   0.0 |   0.0 |   0.0 |   0.0 |   2.0
        Depths |  41.3 |  41.3 |   0.7 |   2.4 |   0.1 | 2055.8
         Abyss |  11.1 |  11.1 |   0.0 |   6.0 |   0.0 | 924.0
     Labyrinth |   1.1 |   1.1 |   0.0 |   1.4 |   0.0 | 284.0
        Bazaar |   0.3 |   0.3 |   0.0 |   0.0 |   1.2 |  81.0
      Ice Cave |   1.5 |   1.5 |   0.0 |   3.0 |   0.0 | 370.0
               +-------+-------+-------+-------+-------+----------------------

Table legend:
 A = Kills in this place as a percentage of kills in entire the game.
 B = Kills by you in this place as a percentage of kills by you in the entire game.
 C = Kills by friends in this place as a percentage of kills by friends in the entire game.
 D = Other kills in this place as a percentage of other kills in the entire game.
 E = Experience gained in this place as a percentage of experience gained in the entire game.
 F = Experience gained in this place divided by the number of levels of this place that you have seen.
                   A       B       C       D       E      F
               +-------+-------+-------+-------+-------+----------------------
         Total | 100.0 | 100.0 | 100.0 | 100.0 | 100.0 | 24041.4
       Dungeon |  41.5 |  46.4 |   0.0 |   0.0 |  14.2 | 6146.1
        Depths |  40.1 |  40.6 |  42.3 |   3.7 |  67.9 | 88160.6
         Abyss |  16.8 |  11.1 |  57.7 |  96.3 |  16.8 | 36246.0
     Labyrinth |   0.3 |   0.3 |   0.0 |   0.0 |   0.3 | 1668.0
      Ice Cave |   1.4 |   1.6 |   0.0 |   0.0 |   0.9 | 5719.0
               +-------+-------+-------+-------+-------+----------------------

Vault maps used:
D:1:      minmay_arrival_five_plusses, st_stairs_1, minivault_5
D:2:      grunt_dithmenos_smoke_and_mirrors, marbit_many_paths, xom_redecorated,
          cheibriados_altar_1, uniq_natasha
D:3:      corexii_shack_village, lemuel_zombie_altar_kikubaaqudgha, first_bread
D:4:      bloody_trog
D:5:      tso_metal_star
D:7:      kennysheep_six_static_rooms, temple_hall, uniq_duvessa, uniq_menkaure
D:8:      overflow_temple_1_default, overflow_temple_1_default,
          nemelex_altar_shiori, serial_shops, nicolae_shop_crystal,
          lemuel_flamethrower_2
D:9:      minmay_distorted_concentric_squares, gammafunk_temple_overflow_statue
D:10:     erik_lair_dragon, hangedman_tell_no_tales, uniq_maud, uniq_sonja
D:11:     david_orc_3, lab_entry_generic, kennysheep_boxes
D:12:     minmay_misc_feat_four_crosses, minmay_misc_feat_chi, uniq_fannar
D:13:     portal_ice_cave_entry_ice_statue_01, spider_trap, grunt_ministairs_8
D:14:     grunt_vaults_entry_fortified, serial_shops, shop, uniq_agnes,
          uniq_louise
D:15:     gammafunk_depths_entry_grave, serial_shops, nicolae_shop_statue_plus,
          nicolae_water_bricks, st_stairs_14
Temple:   minmay_temple_curvy_8
Depths:1: enter_ziggurat_e, serial_shops, bzr_firewalk, grunt_hell_horde,
          minmay_strange_pillars, grunt_tough_drop
Depths:2: hangedman_screamer, grunt_pan_entry_zigzag, hell_entry,
          hex_intersection, kennysheep_treasure_room
Depths:3: nicolae_legendary_halls, rand_demon_pan_entry_9,
          nicolae_abyss_entry_one_way_or_another, serial_bayou_ford_a,
          hell_entry
Depths:4: cross_vault, minmay_room_of_horrors, serial_sigils_hangedman_quiver,
          hangedman_tar_grid_catacomb, serial_sigils,
          serial_sigils_hangedman_snap, serial_sigils_hangedman_clutch,
          serial_sigils_hangedman_etch, minmay_acid_items
Depths:5: grunt_zot_entry_tricorne, hangedman_abyss_or_decor_passed,
          pf_coc_iceberg, serial_bayou_shore_a, uniq_enchantress
Abyss:1:  patterned_corridor
Lab:      labyrinth_mini_lab, nicolae_lab_flowing_pool, lab_block,
          nicolae_lab_stuck, nicolae_lab_diamond, lab_statue
Bazaar:   bazaar_kb_twisted_cavern
IceCv:    ice_cave_tombish
